 Dungeon Crawl Stone Soup version 0.21.1-1-g345015f (webtiles) character file.

296299 tyranidshit the Slayer (level 20, -10/184 HPs)
             Began as a Demonspawn Abyssal Knight on July 25, 2018.
             Was the Champion of Lugonu.
             Killed from afar by an ancient lich (29 damage)
             ... with a crystal spear
             ... on level 5 of the Vaults on July 26, 2018.
             The game lasted 03:32:47 (38532 turns).

tyranidshit the Slayer (Demonspawn Abyssal Knight) Turns: 38532, Time: 03:32:48

Health: -10/184    AC: 28    Str: 23    XL:     20   Next: 7%
Magic:  0/35       EV:  2    Int: 15    God:    Lugonu [******]
Gold:   2528       SH:  0    Dex: 21    Spells: 21/21 levels left

rFire    + + .     SeeInvis .   R - +5 broad axe (elec)
rCold    + + +     Gourm    .   J - +2 shield of Resistance {rF+ rC+ MR+}
rNeg     + + +     Faith    .   Y - +6 plate armour {rPois}
rPois    ∞         Spirit   +   O - +2 helmet of Disappointment {rElec rPois MP+9 Int-3}
rElec    +         Reflect  .   S - scarf {Spirit}
rCorr    +         Harm     .   (gloves unavailable)
MR       ++...     Clarity  +   g - +2 pair of boots
Stlth    ..........             q - amulet of regeneration
HPRegen  0.80/turn              y - +3 ring of strength
MPRegen  0.24/turn              u - +4 ring of evasion

@: agile, resistant, petrified, corroded, very slightly contaminated, drained
A: claws 3, icy blue scales 3, agile 1, clarity, clever 1, demonic guardian 2,
foul stench 1, sense surroundings 1, strong 1, augmentation 2, rot immunity
}: 2/15 runes: decaying, gossamer
a: Depart the Abyss, Bend Space, Banish, Corrupt, Enter the Abyss, Renounce
Religion


You were on level 5 of the Vaults.
You worshipped Lugonu.
Lugonu was exalted by your worship.
You were not hungry.

You visited 6 branches of the dungeon, and saw 36 of its levels.
You visited the Abyss 1 time.
You also visited: Bailey and Ice Cave.

You collected 3715 gold pieces.
You spent 1187 gold pieces at shops.

Inventory:

Hand Weapons
 t - a +7 broad axe of distortion
 C - a +1 broad axe of draining
 R - a +5 broad axe of electrocution (weapon)
 U - the +8 mace "Wuegiuxuwa" {crush, +Inv Dex+4}
   (You found it on level 1 of the Swamp)

   It inflicts extra damage upon your enemies.
   It affects your dexterity (+4).
   It lets you turn invisible.
Armour
 g - a +2 pair of boots (worn)
 J - the +2 shield of Resistance (worn) {rF+ rC+ MR+}
   (You bought it in a shop on level 5 of the Dungeon)

   It protects you from fire.
   It protects you from cold.
   It affects your resistance to hostile enchantments.
 L - a +0 crystal plate armour
 O - the +2 helmet of Disappointment (worn) {rElec rPois MP+9 Int-3}
   (You found it on level 3 of the Vaults)

   It affects your intelligence (-3).
   It insulates you from electricity.
   It protects you from poison.
   It affects your magic capacity (+9).
 S - a scarf of spirit shield (worn)
 Y - a +6 plate armour of poison resistance (worn)
Magical Staves
 X - an uncursed staff of power
Jewellery
 d - an uncursed ring of flight
 q - an amulet of regeneration (around neck)
 u - a +4 ring of evasion (right claw)
 y - a +3 ring of strength (left claw)
 A - an uncursed ring of see invisible
Wands
 h - a wand of polymorph (31)
 x - a wand of random effects (70)
 E - a wand of flame (107)
 G - a wand of disintegration (18)
 K - a wand of digging (18)
 N - a wand of iceblast (11)
Scrolls
 b - 5 scrolls of fog
 e - 14 scrolls of identify
 i - 7 scrolls of magic mapping
 k - 11 scrolls of amnesia
 l - 15 scrolls of teleportation
 m - 3 scrolls of summoning
 o - 16 scrolls of remove curse
 r - 2 scrolls of blinking
 H - 3 scrolls of fear
Potions
 p - 2 potions of ambrosia
 s - a potion of curing
 w - 7 potions of flight
 B - 5 potions of brilliance
 D - 2 potions of invisibility
 M - 3 potions of resistance
 V - a potion of cancellation
 Z - a potion of berserk rage
Miscellaneous
 F - a crystal ball of energy
 W - a phial of floods
Comestibles
 c - 13 rations


   Skills:
 + Level 22.6(22.0) Fighting
 - Level 18.0(17.5) Axes
 - Level 12.4(12.0) Armour
 - Level 2.3(2.0) Dodging
 - Level 9.0(8.6) Shields
 - Level 1.0(0.7) Spellcasting
 - Level 9.0(8.6) Invocations
 - Level 8.0(7.6) Evocations


You had 21 spell levels left.
You didn't know any spells.

Dungeon Overview and Level Annotations

Branches:
Dungeon (15/15)            Temple (0/1) D:4            Lair (6/6) D:10
  Swamp (4/4) Lair:2       Spider (4/4) Lair:4        Slime (0/5) Lair:5
    Orc (2/2) D:10            Elf (0/3) Orc:2        Vaults (5/5) D:14
  Crypt (0/3) Vaults:3     Depths (0/5) D:15

Altars:
Elyvilon
Fedhas
Kikubaaqudgha
Ru
Sif Muna
Yredelemnul
Zin

Shops:
D:5 *   D:11 %   Orc:2 :*?

Annotations:
D:9 exclusion: orange crystal statue, Prince Ribbit
Lair:2 exclusion: oklob plant
Vaults:4 Boris


Innate Abilities, Weirdness & Mutations

You have claws for hands.
You are completely covered in icy blue scales. (AC +4, rC+)
A demonic guardian rushes to your aid.
You may emit foul miasma when damaged in melee.
Your magical and physical power is enhanced at high health.
You are immune to rotting.
You are agile. (Dex +2)
You possess an exceptional clarity of mind.
Your mind is acute. (Int +2)
You passively map a small area around you.
Your muscles are strong. (Str +2)


Message History

The vault guard is moderately wounded.
The vault guard is lightly wounded.
The vault guard is moderately wounded.
The vault guard is almost dead.
The orc knight is moderately wounded.
The ancient lich touches you but does no damage.
The shadow dragon barely misses your soul eater.
The shadow dragon closely misses your soul eater.
The shadow dragon claws your soul eater but does no damage.
Your soul eater hits the shadow dragon but does no damage. x2
The ancient lich touches you but does no damage.
The ancient lich gestures at you while chanting.
The crystal spear hits you!
* * * LOW HITPOINT WARNING * * *
The shadow dragon closely misses your soul eater.
The shadow dragon claws your soul eater but does no damage. x2
Your soul eater hits the shadow dragon!
Your soul eater hits the shadow dragon.
The ancient lich points at you and mumbles some strange words.
The crystal spear hits you!
You die...

* * * #.....##
* #......## ,
,#.......# ,
#....... * ,*
#...... ,,
#.....# * *
#.....# , , *
#.33@# ,, , ,*
* ,, ,#.DL## ,
#pop## , ,
#.p..+ * ,
#....#..### ,
#....#p## , * ,
.###....#p## *#
,
........pX.##..
,,
.....$(e.....,
,


You could see a shadow dragon, a tentacled monstrosity, an ancient lich, 6 vault
guards, an orc knight and 2 friendly soul eaters.

Vanquished Creatures
  Bai Suzhen (Spider:3)
  Jorgrun (Swamp:3)
  2 sphinxes (Vaults:3)
  3 thorn hunters (Swamp:4)
  A tengu reaver (Vaults:4)
  A frost giant (Vaults:4)
  2 fire giants
  Aizul (Spider:3)
  10 vault wardens
  3 ghost moths (Spider:4)
  Louise (Spider:3)
  3 emperor scorpions (Spider:4)
  A ghoul (Swamp:3)
  9 ironheart preservers
  A war gargoyle (Vaults:2)
  9 stone giants
  4 entropy weavers
  Nessos (Lair:6)
  A spark wasp (Spider:4)
  A deep elf death mage (Vaults:1)
  2 fire dragons
  4 yaktaur captains
  The ghost of wojtek the Cleaver, a journeyman MiFi of Makhleb (D:10)
  Erolcha (Orc:1)
  4 rakshasas
  5 hydras
  2 ice dragons
  2 ghost crabs (Swamp:4)
  2 catoblepae
  8 centaur warriors
  16 vault guards
  The ghost of Rwicked the Geomancer, a journeyman GrEE of Vehumet (D:9)
  6 death knights
  18 ogre magi
  55 two-headed ogres
  6 alligators
  5 death yaks
  A queen ant (Lair:3)
  2 deep troll shamans (Vaults:3)
  A storm dragon zombie (Vaults:2)
  2 deep elf knights
  7 skeletal warriors
  2 unseen horrors (D:14)
  A fire crab (shapeshifter) (Vaults:3)
  3 spriggan druids
  The ghost of diana the Slicer, a novice OpBe of Trog (D:8)
  2 deep elf archers
  2 shambling mangroves
  2 swamp dragons (shapeshifter)
  6 deep trolls
  10 swamp dragons
  3 flayed ghosts
  4 wizards
  The ghost of tyranidshit the Fighter, a novice DsAK of Lugonu (D:6)
  5 harpies (Vaults:3)
  A necromancer (Vaults:2)
  27 wolf spiders
  12 ironbrand convokers
  11 orc knights
  A phantasmal warrior (D:14)
  2 orc sorcerers (D:15)
  16 orb spiders
  A human zombie (Vaults:2)
  6 manticores
  4 cyclopes
  3 moths of wrath
  31 ugly things
  4 deep elf magi
  3 black mambas
  6 elephants
  A guardian serpent (shapeshifter) (Vaults:4)
  A naga mage (D:15)
  11 vault sentinels
  Maurice (D:11)
  8 spiny frogs
  3 rime drakes (Swamp:4)
  22 yaktaurs
  A rime drake (shapeshifter) (Vaults:4)
  A kobold demonologist (D:14)
  10 freezing wraiths
  5 komodo dragons
  A komodo dragon (shapeshifter) (Vaults:2)
  An efreet (D:13)
  13 demonic crawlers
  3 trolls
  35 jumping spiders
  19 hornets
  A polar bear (Lair:6)
  8 tyrant leeches
  The ghost of Alter the Cudgeler, an amateur HuFi of Gozag (D:3)
  10 blink frogs
  6 bog bodies
  A snapping turtle (shapeshifter) (Vaults:1)
  9 slime creatures
  9 hippogriffs
  A stone giant simulacrum (Vaults:3)
  55 redbacks
  9 shadows
  5 spriggans
  A spriggan (shapeshifter) (Vaults:4)
  18 tarantellas
  A wraith (D:11)
  47 yaks
  4 wyverns
  A hungry ghost (D:12)
  4 vampire mosquitoes
  Grum (D:9)
  4 insubstantial wisps (Swamp:1)
  A yaktaur simulacrum (Vaults:1)
  11 wargs
  14 swamp worms
  2 acid dragons
  5 soldier ants (Lair:3)
  2 porcupines (Lair:1)
  5 water moccasins
  4 sky beasts
  An ice beast (D:8)
  33 orc warriors
  11 swamp drakes
  4 phantoms
  2 eyes of draining
  3 black bears
  69 ogres
  8 boggarts
  3 necrophages
  23 wolves
  31 centaurs
  A human skeleton (Vaults:2)
  5 crocodiles
  5 big kobolds
  15 bullfrogs
  A water moccasin zombie (D:9)
  3 human simulacra
  3 scorpions
  A wyvern skeleton (D:8)
  16 killer bees
  23 wights
  The ghost of dscm the Ducker, a weakling OpFi (D:5)
  3 howler monkeys
  3 electric eels
  8 crimson imps
  A bullfrog zombie (D:7)
  4 hounds
  2 jellies
  4 centaur skeletons
  19 orc priests
  28 orc wizards
  A bullfrog skeleton (D:5)
  4 iguanas
  16 worker ants
  A hound zombie (D:8)
  16 adders
  2 shadow imps
  An ooze (D:1)
  2 adder zombies
  3 adder skeletons
  3 worms
  A dart slug (D:2)
  2 leopard geckos
  91 orcs
  A ball python (D:3)
  9 bats
  8 giant cockroaches
  7 goblins
  4 hobgoblins
  13 jackals
  6 quokkas
  4 frilled lizards
  23 kobolds
  A leopard gecko skeleton (D:5)
  A quokka skeleton (D:5)
  8 rats
  11 briar patches (Swamp:4)
  4 fungi
  A plant (Lair:5)
1331 creatures vanquished.

Vanquished Creatures (collateral kills)
  A stone giant (Vaults:2)
  A hydra (Lair:3)
  2 two-headed ogres (Orc:2)
  A death yak (Lair:6)
  An ugly thing (D:14)
  2 orb spiders (Spider:4)
  A cyclops (D:12)
  A vault sentinel (Vaults:3)
  A spiny frog (Lair:6)
  A rime drake (Lair:2)
  A komodo dragon (Lair:6)
  A jumping spider (Spider:3)
  A blink frog (Lair:2)
  A hippogriff (D:8)
  A tarantella (Spider:1)
  2 redbacks
  A yak (Lair:2)
  A vampire mosquito (Swamp:3)
  A porcupine (Lair:3)
  A sky beast (D:4)
  An orc warrior (D:6)
  An ice beast (D:7)
  3 swamp drakes
  2 wolves
  3 centaurs
  An ogre (D:8)
  A crocodile (Lair:2)
  A killer bee (D:8)
  A wight (D:12)
  A howler monkey (D:7)
  2 orc wizards
  2 orc priests
  2 worker ants
  An adder (D:3)
  9 orcs
  A ball python (D:8)
  A frilled lizard (D:4)
  2 kobolds
58 creatures vanquished.

Vanquished Creatures (others)
  An ironheart preserver (Vaults:1)
  14 hydras
  3 catoblepae (Lair:6)
  A death yak (Lair:6)
  A shadow wraith (Vaults:1)
  A deep elf mage (Vaults:1)
  A cyclops (D:13)
  An elephant (Lair:3)
  2 spiny frogs
  A yaktaur (Vaults:1)
  2 komodo dragons
  2 blink frogs (Lair:5)
  6 yaks
  A water moccasin (Lair:5)
  A porcupine (Lair:5)
  A black bear (D:13)
  An ogre (Orc:2)
  A wolf (Lair:3)
  A boggart (D:15)
  An iguana (D:11)
  A jelly (D:9)
  4 fungi
  19 plants
  A withered plant (Swamp:3)
68 creatures vanquished.

Grand Total: 1457 creatures vanquished

Notes
Turn   | Place    | Note
-------+----------+-------------------------------------------
     0 | Abyss:1  | tyranidshit the Demonspawn Abyssal Knight began the quest for the Orb.
     0 | Abyss:1  | Reached XP level 1. HP: 18/18 MP: 2/2
    45 | Abyss:2  | Noticed a daeva
    50 | Abyss:2  | Noticed a death drake
    58 | D:1      | Escaped the Abyss
   191 | D:1      | Gained mutation: A weak demonic guardian rushes to your aid. [demonic ancestry]
   191 | D:1      | Reached XP level 2. HP: 18/24 MP: 3/3
   228 | D:1      | Reached * piety under Lugonu
   288 | D:1      | Reached skill level 4 in Fighting
   618 | D:1      | Reached XP level 3. HP: 27/30 MP: 4/4
  1174 | D:2      | Gained mutation: You have a beak for a mouth. [potion of mutation]
  1174 | D:2      | Gained mutation: You are partially covered in icy blue scales. (AC +2) [potion of mutation]
  1174 | D:2      | Gained mutation: Your system is resistant to poisons. (rPois) [potion of mutation]
  1174 | D:2      | Gained mutation: You are mostly covered in icy blue scales. (AC +3) [potion of mutation]
  1326 | D:2      | Reached ** piety under Lugonu
  1326 | D:2      | Mutation became permanent: You are partially covered in icy blue scales. (AC +2) [demonic ancestry]
  1326 | D:2      | Gained mutation: You are mostly covered in icy blue scales. (AC +3) [demonic ancestry]
  1326 | D:2      | Reached XP level 4. HP: 26/38 MP: 5/5
  1562 | D:3      | Reached skill level 5 in Fighting
  1602 | D:3      | Noticed Alter's ghost (amateur HuFi)
  1845 | D:3      | Reached XP level 5. HP: 27/44 MP: 4/6
  1980 | D:3      | Killed Alter's ghost
  1980 | D:3      | Gained mutation: You are immune to rotting. [demonic ancestry]
  1980 | D:3      | Reached XP level 6. HP: 34/51 MP: 5/7
  2311 | D:4      | Reached skill level 5 in Armour
  2341 | D:4      | Noticed a sky beast
  2742 | D:4      | Gained mutation: You have sharp fingernails. [demonic ancestry]
  2742 | D:4      | Reached XP level 7. HP: 49/56 MP: 6/8
  2901 | D:4      | Found a staircase to the Ecumenical Temple.
  2984 | D:4      | Reached skill level 6 in Fighting
  3356 | D:5      | Entered Level 5 of the Dungeon
  3509 | D:5      | Reached skill level 1 in Shields
  3739 | D:5      | Reached *** piety under Lugonu
  3837 | D:5      | Noticed dscm's ghost (weakling OpFi)
  3853 | D:5      | Killed dscm's ghost
  4041 | D:5      | Found Eniboe Azoh's Assorted Antiques.
  4239 | D:6      | Reached XP level 8. HP: 62/64 MP: 9/9
  4488 | D:6      | Noticed tyranidshit's ghost (novice DsAK)
  4739 | D:6      | Found a deep blue altar of Sif Muna.
  5109 | D:7      | Reached skill level 5 in Shields
  5144 | D:7      | Found a glowing silver altar of Zin.
  5232 | D:7      | Reached skill level 1 in Evocations
  5787 | D:6      | Killed tyranidshit's ghost
  5787 | D:6      | Reached skill level 5 in Invocations
  5787 | D:6      | Mutation became permanent: You are partially covered in icy blue scales. (AC +2) [demonic ancestry]
  5787 | D:6      | Gained mutation: You are mostly covered in icy blue scales. (AC +3) [demonic ancestry]
  5787 | D:6      | Reached XP level 9. HP: 69/69 MP: 10/12
  5838 | D:6      | Found a sacrificial altar of Ru.
  6022 | D:8      | Reached **** piety under Lugonu
  6147 | D:8      | Reached skill level 5 in Evocations
  6368 | D:8      | Noticed a two-headed ogre
  6372 | D:8      | Killed a two-headed ogre
  6372 | D:8      | Gained mutation: You may emit foul miasma when damaged in melee. [demonic ancestry]
  6372 | D:8      | Reached XP level 10. HP: 67/76 MP: 16/16
  6402 | D:8      | Noticed diana's ghost (novice OpBe)
  6406 | D:8      | Killed diana's ghost
  6862 | D:9      | Reached skill level 7 in Fighting
  6873 | D:9      | Noticed Rwicked's ghost (journeyman GrEE)
  6874 | D:9      | Noticed Grum
  6880 | D:9      | Killed Grum
  6904 | D:8      | Reached skill level 5 in Axes
  6976 | D:9      | Killed Rwicked's ghost
  6985 | D:9      | Reached skill level 8 in Fighting
  7139 | D:9      | Reached ***** piety under Lugonu
  7310 | D:9      | Noticed an orange crystal statue
  7316 | D:9      | Noticed Prince Ribbit
  7481 | D:10     | Entered Level 10 of the Dungeon
  7525 | D:10     | Reached skill level 9 in Fighting
  7590 | D:10     | Noticed a two-headed ogre
  7596 | D:10     | Killed a two-headed ogre
  7596 | D:10     | Reached XP level 11. HP: 79/89 MP: 17/17
  7606 | D:10     | Found a glowing silver altar of Zin.
  7743 | D:10     | Found a staircase to the Lair.
  7764 | D:10     | Reached skill level 10 in Fighting
  7782 | D:10     | Noticed wojtek's ghost (journeyman MiFi)
  7801 | D:10     | Killed wojtek's ghost
  7879 | D:10     | Got a faintly glowing ring mail
  7880 | D:10     | Identified the +0 ring mail "Ixzesoxa" {rElec rC+} (You took it off an orc on level 10 of the Dungeon)
  8568 | D:10     | Noticed a two-headed ogre
  8582 | D:10     | Killed a two-headed ogre
  8674 | D:10     | Found a staircase to the Orcish Mines.
  8895 | D:11     | Noticed a two-headed ogre
  8899 | D:11     | Killed a two-headed ogre
  9220 | D:11     | Found Juigeupn's Food Shoppe.
  9241 | D:11     | Reached ****** piety under Lugonu
  9251 | D:11     | Noticed Maurice
  9432 | Lair:1   | Entered Level 1 of the Lair of Beasts
  9472 | Lair:1   | Identified a +2 broad axe of distortion (a +0 broad axe corrupted by Lugonu)
  9472 | Lair:1   | Received a gift from Lugonu
  9484 | Lair:1   | Found a frozen archway.
  9499 | IceCv    | Entered an ice cave
  9556 | Lair:1   | Reached skill level 11 in Fighting
 10537 | D:11     | Found a white marble altar of Elyvilon.
 10828 | D:11     | Gained mutation: You have very sharp fingernails. [demonic ancestry]
 10828 | D:11     | Reached XP level 12. HP: 72/102 MP: 18/18
 10959 | D:11     | Killed Maurice
 10959 | D:11     | Reached skill level 12 in Fighting
 11346 | D:5      | Bought the +2 shield of Resistance {rF+ rC+ MR+} for 780 gold pieces
 11346 | D:5      | Found the +2 shield of Resistance {rF+ rC+ MR+}
 11606 | Lair:2   | Found a blossoming altar of Fedhas.
 11949 | Lair:2   | Noticed a death yak
 11971 | Lair:2   | Noticed a death yak
 11972 | Lair:2   | Noticed a death yak
 12007 | Lair:2   | Killed a death yak
 12014 | Lair:2   | Killed a death yak
 12130 | Lair:2   | Identified a scroll of acquirement
 12186 | Lair:2   | Found a staircase to the Swamp.
 12735 | Lair:3   | Reached skill level 10 in Armour
 12806 | Lair:3   | Killed a death yak
 13037 | Lair:3   | Noticed a queen ant
 13233 | Lair:3   | Noticed a five-headed hydra
 13239 | Lair:3   | Killed a five-headed hydra
 13326 | Lair:3   | Killed a queen ant
 13583 | Lair:4   | Found a hole to the Spider Nest.
 13654 | Lair:4   | Noticed a catoblepas
 13662 | Lair:4   | Killed a catoblepas
 13662 | Lair:4   | Reached XP level 13. HP: 64/109 MP: 13/19
 13883 | Lair:4   | Reached skill level 13 in Fighting
 14709 | Lair:5   | Found a staircase to the Slime Pits.
 15146 | Lair:6   | Entered Level 6 of the Lair of Beasts
 15601 | Lair:6   | Noticed Nessos
 15856 | D:12     | Reached skill level 10 in Axes
 15869 | D:12     | You fall through a shaft!
 16503 | D:13     | Gained mutation: You have claws for hands. [demonic ancestry]
 16503 | D:13     | Reached XP level 14. HP: 33/118 MP: 6/20
 17595 | Lair:6   | Killed Nessos
 17813 | Lair:6   | Reached skill level 14 in Fighting
 17832 | Lair:6   | Reached skill level 1 in Dodging
 18242 | Orc:1    | Entered Level 1 of the Orcish Mines
 18287 | Orc:1    | Found a flagged portal.
 18402 | Orc:1    | Noticed Erolcha
 18408 | Orc:1    | Killed Erolcha
 18427 | Bailey   | Entered a bailey
 19290 | Orc:2    | Entered Level 2 of the Orcish Mines
 19467 | Orc:2    | Found a staircase to the Elven Halls.
 19778 | Orc:2    | Found Yculor's Magic Scroll Shoppe.
 19778 | Orc:2    | Found Vynomew's Jewellery Boutique.
 19783 | Orc:2    | Found Icvioxt's General Store.
 19783 | Orc:2    | Found Reiraciosch's Book Shop.
 19834 | Orc:2    | Bought a potion of heal wounds for 65 gold pieces
 19834 | Orc:2    | Bought a scroll of blinking for 97 gold pieces
 19835 | Orc:2    | Bought a scroll of blinking for 127 gold pieces
 19835 | Orc:2    | Bought a scroll of magic mapping for 59 gold pieces
 19835 | Orc:2    | Bought a scroll of magic mapping for 59 gold pieces
 20050 | Orc:2    | Lost mutation: You have a beak for a mouth. [potion of mutation]
 20050 | Orc:2    | Lost mutation: Your system is resistant to poisons. (rPois) [potion of mutation]
 20050 | Orc:2    | Gained mutation: Your flesh is cold resistant. (rC+) [potion of mutation]
 20050 | Orc:2    | Gained mutation: You have a pair of small horns on your head. [potion of mutation]
 20229 | D:14     | Gained mutation: You are completely covered in icy blue scales. (AC +4, rC+) [demonic ancestry]
 20229 | D:14     | Reached XP level 15. HP: 114/127 MP: 19/21
 20241 | D:14     | Reached skill level 15 in Fighting
 20767 | Swamp:1  | Entered Level 1 of the Swamp
 20793 | Swamp:1  | Reached skill level 16 in Fighting
 21417 | D:14     | Found a gate to the Vaults.
 21826 | D:15     | Entered Level 15 of the Dungeon
 22925 | D:15     | Found a staircase to the Depths.
 23291 | Spider:1 | Entered Level 1 of the Spider Nest
 23537 | Spider:1 | Gained mutation: Your magical and physical power is slightly enhanced at high health. [demonic ancestry]
 23537 | Spider:1 | Reached XP level 16. HP: 127/138 MP: 22/22
 25368 | Spider:3 | Noticed Aizul
 25392 | Spider:3 | Killed Aizul
 25831 | Spider:3 | Noticed Louise
 25854 | Spider:3 | Killed Louise
 25858 | Spider:3 | Reached skill level 17 in Fighting
 26369 | Spider:4 | Entered Level 4 of the Spider Nest
 26637 | Spider:4 | Noticed Bai Suzhen
 26655 | Spider:3 | Killed Bai Suzhen
 27259 | Spider:4 | Reached skill level 18 in Fighting
 28199 | Spider:4 | Gained mutation: Your magical and physical power is enhanced at high health. [demonic ancestry]
 28199 | Spider:4 | Reached XP level 17. HP: 128/151 MP: 19/23
 28477 | Spider:4 | Got a gossamer rune of Zot
 28957 | Swamp:1  | Got a blackened mace
 29088 | Swamp:1  | Identified the +8 mace "Wuegiuxuwa" {crush, +Inv Dex+4} (You found it on level 1 of the Swamp)
 29366 | Swamp:2  | Reached skill level 19 in Fighting
 30045 | Swamp:3  | Noticed Jorgrun
 30150 | Swamp:3  | Killed Jorgrun
 31008 | Swamp:4  | Entered Level 4 of the Swamp
 31493 | Swamp:4  | Reached skill level 20 in Fighting
 31893 | Swamp:4  | Reached skill level 15 in Axes
 32388 | Swamp:4  | Got a decaying rune of Zot
 32687 | Vaults:1 | Entered Level 1 of the Vaults
 33023 | Vaults:1 | Reached XP level 18. HP: 90/162 MP: 18/24
 36034 | Vaults:3 | Reached XP level 19. HP: 162/170 MP: 25/25
 36042 | Vaults:3 | Found a staircase to the Crypt.
 36042 | Vaults:3 | Found an ancient bone altar of Kikubaaqudgha.
 36043 | Vaults:3 | Found a basalt altar of Yredelemnul.
 36233 | Vaults:3 | Reached skill level 21 in Fighting
 36600 | Vaults:3 | Got an ancient helmet
 36601 | Vaults:3 | Identified the +2 helmet of Disappointment {rElec rPois MP+9 Int-3} (You found it on level 3 of the Vaults)
 36602 | Vaults:3 | Lost mutation: Your flesh is cold resistant. (rC+) [potion of mutation]
 36602 | Vaults:3 | Gained mutation: You have a pair of horns on your head. [potion of mutation]
 36602 | Vaults:3 | Gained mutation: You have a pair of large horns on your head. [potion of mutation]
 36603 | Vaults:3 | Lost mutation: You have a pair of large horns on your head. [potion of mutation]
 36603 | Vaults:3 | Lost mutation: You have a pair of horns on your head. [potion of mutation]
 36603 | Vaults:3 | Gained mutation: Armour fits poorly on your strangely shaped body. [potion of mutation]
 36603 | Vaults:3 | Gained mutation: You possess an exceptional clarity of mind. [potion of mutation]
 36623 | Vaults:3 | Lost mutation: You have a pair of small horns on your head. [potion of mutation]
 36623 | Vaults:3 | Lost mutation: Armour fits poorly on your strangely shaped body. [potion of mutation]
 36623 | Vaults:3 | Gained mutation: You passively map a small area around you. [potion of mutation]
 36623 | Vaults:3 | Gained mutation: You are agile. (Dex +2) [potion of mutation]
 36623 | Vaults:3 | Gained mutation: Your muscles are strong. (Str +2) [potion of mutation]
 36623 | Vaults:3 | Gained mutation: Your mind is acute. (Int +2) [potion of mutation]
 37411 | Vaults:4 | Reached skill level 22 in Fighting
 37479 | Vaults:4 | Reached skill level 1 in Spellcasting
 38058 | Vaults:4 | Noticed Boris
 38495 | Vaults:5 | Entered Level 5 of the Vaults
 38497 | Vaults:5 | Noticed an ancient lich
 38502 | Vaults:5 | Gained mutation: A demonic guardian rushes to your aid. [demonic ancestry]
 38502 | Vaults:5 | Reached XP level 20. HP: 164/184 MP: 26/26
 38532 | Vaults:5 | Killed from afar by an ancient lich

Skill      XL: |  1  2  3  4  5  6  7  8  9 10 11 12 13 14 15 16 17 18 19 |
---------------+----------------------------------------------------------+-----
Fighting       | 4 5 6 9 11 12 13 14 16 18 20 22 | 22.6
Armour         | 3 4 5 6 9 12 | 12.4
Axes           | 2 3 6 10 12 13 14 15 18 | 18.0
Shields        | 3 5 6 7 8 9 |  9.0
Evocations     | 3 6 8 |  8.0
Invocations    | 5 9 |  9.0
Dodging        | 2 |  2.3
Spellcasting   | 1 |  1.0

Action                   |  1- 3 |  4- 6 |  7- 9 | 10-12 | 13-15 | 16-18 | 19-21 || total
-------------------------+-------+-------+-------+-------+-------+-------+-------++-------
Melee: Hand axe          |   129 |   138 |   451 |   430 |       |       |       ||  1148
       Peck              |     3 |    20 |    96 |   131 |   140 |       |       ||   390
       Broad axe         |       |       |       |   249 |  1157 |  1309 |   383 ||  3098
       Headbutt          |       |       |       |       |   123 |   300 |    31 ||   454
Invok: Depart the Abyss  |     1 |       |       |       |       |       |       ||     1
       Brand Weapon With |       |       |       |     1 |       |       |       ||     1
       Banish            |       |       |       |       |     2 |    25 |       ||    27
Evoke: Wand              |       |       |    13 |    33 |    45 |    29 |       ||   120
       Phial of floods   |       |       |       |       |     1 |       |       ||     1
  Use: Scroll            |     6 |     1 |     8 |    27 |    20 |    11 |     7 ||    80
       Potion            |     6 |     2 |     4 |     3 |     9 |     6 |     8 ||    38
 Stab: Sleeping          |     1 |       |       |       |       |       |       ||     1
       Paralysed         |       |       |     9 |       |       |       |       ||     9
       Invisible         |       |       |     3 |       |       |       |       ||     3
       Distracted        |       |       |       |     6 |    10 |    11 |     4 ||    31
  Eat: Ration            |     1 |     1 |     4 |     7 |    11 |    14 |     3 ||    41
       Chunk             |       |       |       |     2 |     1 |       |       ||     3
Armor: Leather armour    |    75 |     7 |       |       |       |       |       ||    82
       Scale mail        |       |    66 |       |       |       |       |       ||    66
       Plate armour      |       |       |   277 |   284 |   663 |   947 |   209 ||  2380
       Skin              |       |       |       |     7 |       |       |       ||     7
Dodge: Dodged            |   106 |    70 |    52 |   162 |   455 |   542 |   124 ||  1511
Block: Large shield      |       |       |   285 |   369 |       |       |       ||   654
       Shield            |       |       |       |   114 |   883 |  1052 |   256 ||  2305
